 Dungeon Crawl Stone Soup version 0.28-a0-1339-ga5422284a4 (webtiles) character file.

Game seed: 13674997821524571883

46 SensoryNuts the Skirmisher (level 3, -1/26 HPs)
             Began as an Octopode Fighter on Dec 28, 2021.
             Slain by a gnoll (5 damage)
             ... on level 2 of the Dungeon.
             The game lasted 00:03:18 (1231 turns).

SensoryNuts the Skirmisher (Octopode Fighter)       Turns: 1231, Time: 00:03:18

Health: -1/26      AC:  1    Str: 13    XL:     3   Next: 66%
Magic:  3/3        EV: 18    Int: 13    God:
Gold:   31         SH:  5    Dex: 14    Spells: 2/2 levels left

rFire   . . .      SeeInvis .   a - +0 long sword
rCold   . . .      Faith    .   b - +0 buckler
rNeg    . . .      Spirit   .   (helmet restricted)
rPois   +          Reflect  .   (no amulet)
rElec   .          Harm     .   e - ring of Nicaqie Fose {rPois EV+4 Str-4 Int+3 Dex+3 Stlth+}
rCorr   .          Rampage  .   (no ring)
Will    .....                   (no ring)
Stlth   ++++......              (no ring)
HPRegen 0.08/turn               (no ring)
MPRegen 0.08/turn               (no ring)
                                (no ring)
                                (no ring)

@: no status effects
A: almost no armour, amphibious, 8 rings, camouflage 1, gelatinous body 1,
(nimble swimmer 1), tentacles
a: no special abilities


You were on level 2 of the Dungeon.
You visited 1 branch of the dungeon, and saw 2 of its levels.

You collected 31 gold pieces.

Inventory:

Hand Weapons
 a - a +0 long sword (weapon)
Armour
 b - a +0 buckler (worn)
Jewellery
 d - an amulet of faith
 e - the ring of Nicaqie Fose (left tentacle) {rPois EV+4 Str-4 Int+3 Dex+3 Stlth+}
   (You acquired it on level 1 of the Dungeon)

   [ring of evasion]

   EV:        It affects your evasion (+4).
   Str:       It affects your strength (-4).
   Int:       It affects your intelligence (+3).
   Dex:       It affects your dexterity (+3).
   rPois:     It protects you from poison.
   Stlth:     It makes you more stealthy.
Scrolls
 h - a scroll of amnesia
 i - a scroll of silence
Potions
 c - a potion of might
 g - a potion of heal wounds


   Skills:
 + Level 3.4 Fighting
 + Level 2.6 Long Blades
 + Level 3.3 Dodging
 + Level 1.0 Stealth
 + Level 3.3 Shields


You had 2 spell levels left.
You didn't know any spells.
Your spell library was empty.

Dungeon Overview and Level Annotations

Branches:
Dungeon (2/15)

Altars:


Innate Abilities, Weirdness & Mutations

You cannot wear most types of armour.
You are amphibious.
You can wear up to eight rings at the same time.
Your skin changes colour to match your surroundings (Stealth+).
Your rubbery body absorbs attacks. (AC +1, EV +1)
((You are camouflaged when in or above water. (Stealth+)))
You have tentacles for arms and can constrict up to eight enemies at once.


Message History

There is a stone staircase leading up here. 2 gnolls come into view.
There are monsters nearby!
A bat and a gnoll come into view.
A gnoll comes into view. It is wielding a +0 spear.
The helpless gnoll fails to defend itself.
You hit the gnoll. You grab the gnoll.
You squeeze the gnoll, but do no damage.
The gnoll is moderately wounded.
You constrict the gnoll.
The gnoll shouts! x3; You hear an angry hiss.
The gnoll hits you with a +0 spear. The gnoll misses you.
You release your grip on the gnoll.
The gnoll hits you from afar with a +0 spear.
You block the gnoll's attack. The gnoll misses you.
You hit the bat. You grab the bat. You squeeze the bat.
You kill the bat!
The gnoll hits you from afar with a +0 spear.
You hit the gnoll. You grab the gnoll.
The gnoll is severely wounded.
You constrict the gnoll, but do no damage.
The gnoll hits you with a +0 spear.
A frilled lizard comes into view.
The gnoll barely misses you. The gnoll completely misses you.
You hit the gnoll but do no damage.
The gnoll is severely wounded.
You constrict the gnoll. The gnoll misses you. The gnoll completely misses you.
You hit the gnoll.
You kill the gnoll!
The gnoll hits you from afar with a +0 spear!
* * * LOW HITPOINT WARNING * * *
Your Stealth skill increases to level 1!
You hit the gnoll. Your grab misses the gnoll.
The gnoll is moderately wounded.
The gnoll hits you but does no damage. The gnoll completely misses you.
You hit the gnoll but do no damage. Your grab misses the gnoll.
You squeeze the gnoll.
The gnoll is heavily wounded.
The gnoll misses you. The gnoll hits you with a +0 flail.
You die...

######### .
......... ...
#........ ...
#........ ....
#........
#....##........
##b...l......
.###..##gg......
.......@######..
.######.##
#..#####...
##.<.......
............#..#
#####..........#
#...........
#...........
#...........


You could see 2 gnolls and a frilled lizard.

Vanquished Creatures
  A gnoll (D:2)
  3 bats
  3 endoplasms (D:1)
  3 giant cockroaches (D:1)
  5 goblins (D:1)
  3 hobgoblins (D:1)
  8 ball pythons (D:1)
  3 frilled lizards (D:1)
  2 kobolds (D:1)
  A rat (D:1)
32 creatures vanquished.

Notes
Turn   | Place    | Note
-------+----------+-------------------------------------------
     0 | D:1      | SensoryNuts the Octopode Fighter began the quest for the
                  | Orb.
     0 | D:1      | Reached XP level 1. HP: 16/16 MP: 1/1
   114 | D:1      | Reached XP level 2. HP: 21/21 MP: 2/2
   628 | D:1      | Reached XP level 3. HP: 18/26 MP: 3/3
   638 | D:1      | Found a faded altar of an unknown god.
  1197 | D:1      | Identified a scroll of acquirement
  1197 | D:1      | Acquired the ring of Nicaqie Fose {rPois EV+4 Str-4 Int+3
                  | Dex+3 Stlth+}
  1230 | D:2      | Reached skill level 1 in Stealth
  1231 | D:2      | Slain by a gnoll

Illustrated notes

Levels and vault maps discovered:
D:1:      scummos_arrival_gate, layout_loops_ring,
          hellmonk_ecumenical_altar_blasted
D:2:      layout_rooms, serial_curves, eino_curves_04, eino_curves_02

Skill      XL: |  1  2  3 |
---------------+----------+-----
Stealth        | 1 |  1.0
Fighting       | |  3.4
Long Blades    | |  2.6
Dodging        | |  3.3
Shields        | |  3.3

Action                   || total
-------------------------++-------
Melee: Long sword        ||    58
       Constrict         ||    14
       Tentacles         ||    10
  Use: Scroll            ||     4
 Stab: Sleeping          ||     6
Armor: Skin              ||     4
Dodge: Dodged            ||    38
Block: Buckler           ||     9

Table legend: (Time is in decaauts)
 A = Elapsed time spent in this place.
 B = Non-inter-level travel time spent in this place.
 C = Inter-level travel time spent in this place.
 D = Time resting spent in this place.
 E = Time spent auto-exploring this place.
 F = Levels seen in this place.
 G = Mean time per level.
                   A        B        C        D        E       F      G
               +--------+--------+--------+--------+--------+-----+--------+
         Total |   1247 |   1247 |      0 |      0 |   1039 |   2 |  623.5 |
       Dungeon |   1247 |   1247 |      0 |      0 |   1039 |   2 |  623.5 |
               +--------+--------+--------+--------+--------+-----+--------+

Top non-repeatable levels by time:
     D:1: 1230 daAuts
     D:2: 17 daAuts
